 Dungeon Crawl Stone Soup version 0.20.1-1-g8b1a95d (webtiles) character file.

318 KleinerIrrer the Magician (level 6, -16/41 HPs)
             Began as a Mummy Necromancer on July 3, 2017.
             Was an Initiate of Gozag.
             Demolished by Menkaure (22 damage)
             ... on level 4 of the Dungeon.
             The game lasted 00:12:05 (4060 turns).

KleinerIrrer the Magician (Mummy Necromancer)       Turns: 4060, Time: 00:12:07

Health: -16/41     AC:  5    Str: 12    XL:     6   Next: 21%
Magic:  4/15       EV: 10    Int: 16    God:    Gozag
Gold:   166        SH:  0    Dex: 12    Spells: 1/17 levels left

rFire    x . .     SeeInvis .   e - +0 dagger
rCold    + . .     Gourm    .   (no shield)
rNeg     + + +     Faith    .   i - +0 ring mail
rPois    ∞         Spirit   .   (no helmet)
rElec    .         Reflect  .   (no cloak)
rCorr    .         Harm     .   (no gloves)
MR       .....                  (no boots)
Stlth    +.........             (no amulet)
Regen    0.2/turn               (no ring)
MPRegen  0.2/turn               (no ring)

@: very slightly contaminated
A: no food or potions, fire vulnerability, cold resistance 1, negative energy
resistance 3, torment resistance, unbreathing
a: Potion Petition, Call Merchant, Bribe Branch, Renounce Religion


You were on level 4 of the Dungeon.
You worshipped Gozag.
Gozag was aware of your devotion.
You were not hungry.

You visited 1 branch of the dungeon, and saw 4 of its levels.

You collected 211 gold pieces.
You paid 45 gold pieces to Gozag.

Inventory:

Hand Weapons
 e - a +0 dagger (weapon)
Armour
 a - a +0 robe
 i - a +0 ring mail (worn)
Jewellery
 d - an uncursed amulet of guardian spirit
Scrolls
 c - a scroll of amnesia {unknown}
 f - 2 scrolls of enchant armour {unknown}
 g - 2 scrolls of identify {unknown}
 h - 3 scrolls of teleportation {unknown}
Books
 b - a book of Necromancy

   Spells                             Type                      Level
   a - Pain                           Necromancy                   1
   b - Animate Skeleton               Necromancy                   1
   c - Vampiric Draining              Necromancy                   3
   d - Regeneration                   Charms/Necromancy            3
   e - Animate Dead                   Necromancy                   4
   f - Control Undead                 Necromancy                   4
 j - a book of Maledictions

   Spells                             Type                      Level
   a - Corona                         Hexes                        1
   b - Ensorcelled Hibernation        Hexes/Ice                    2
   c - Confuse                        Hexes                        3
   d - Tukima's Dance                 Hexes                        3
   e - Dazzling Spray                 Conjuration/Hexes            3


   Skills:
 * Level 1.2 Armour
 + Level 1.6 Dodging
 - Level 1.9 Stealth
 + Level 6.3 Spellcasting
 * Level 0.1 Hexes
 + Level 5.2 Necromancy


You had one spell level left.
You knew the following spells:

 Your Spells              Type           Power        Failure   Level  Hunger
a - Pain                  Necr           ###.         3%          1    N/A
b - Animate Skeleton      Necr           N/A          3%          1    N/A
c - Vampiric Draining     Necr           ###.......   11%         3    N/A
d - Animate Dead          Necr           N/A          34%         4    N/A
e - Tukima's Dance        Hex            #.......     65%         3    N/A
f - Control Undead        Necr           ###.......   34%         4    N/A

Dungeon Overview and Level Annotations

Branches:
Dungeon (4/15)
 Temple: D:4-7

Altars:
Ashenzari
Cheibriados
Gozag
Nemelex Xobeh
Okawaru
Yredelemnul

Annotations:
D:4 Dowan, Duvessa, Menkaure


Innate Abilities, Weirdness & Mutations

You do not eat or drink.
Your flesh is vulnerable to fire.
You are immune to poison.
Your flesh is cold resistant. (rC+)
You are immune to negative energy. (rN+++)
You are immune to unholy pain and torment.
You can survive without breathing.


Message History

Menkaure is moderately damaged.
Menkaure hits you!
Your adder skeleton completely misses Menkaure.
Menkaure hits you!
Your adder skeleton bites Menkaure but does no damage.
Your adder skeleton barely misses Menkaure.
Menkaure hits you. Menkaure closely misses you.
Your adder skeleton barely misses Menkaure.
Menkaure hits you!
* * * LOW HITPOINT WARNING * * *
The adder skeleton is no longer charmed.
There is a stone staircase leading up here.
Menkaure forgets how to speak, silenced by the ages.
Menkaure hits you.
* * * LOW HITPOINT WARNING * * *
Menkaure hits you!!
Ouch! That really hurt!
You die...
Your body crumbles into a pile of gold.

#.##..#
#.##.##
#.###.#
##....#####
#. .#
#.........#
#.........#
#.........#
#.....[...#
#......Z..#
#.......M.#
#.......@.#
#!........#
#..>......#
###########


You could see Menkaure and an adder skeleton.

Vanquished Creatures
  Sigmund (D:4)
  A bullfrog skeleton (D:4)
  4 gnolls
  3 adders
  An ooze (D:2)
  3 worms
  A dart slug (D:2)
  A leopard gecko (D:1)
  3 orcs
  5 bats
  A giant cockroach (D:2)
  8 goblins
  7 hobgoblins
  8 kobolds
  A ball python (D:2)
  3 frilled lizards
  6 rats
57 creatures vanquished.

Notes
Turn   | Place    | Note
-------+----------+-------------------------------------------
     0 | D:1      | KleinerIrrer the Mummy Necromancer began the quest for the Orb.
     0 | D:1      | Reached XP level 1. HP: 13/13 MP: 4/4
    84 | D:1      | Learned a level 1 spell: Animate Skeleton
   413 | D:1      | Reached XP level 2. HP: 16/19 MP: 1/5
   670 | D:2      | Reached skill level 3 in Spellcasting
   992 | D:2      | Reached XP level 3. HP: 24/24 MP: 3/7
  1298 | D:2      | Found a sparkling altar of Nemelex Xobeh.
  1349 | D:2      | Reached skill level 4 in Spellcasting
  1555 | D:3      | Reached XP level 4. HP: 25/30 MP: 2/10
  2319 | D:3      | Learned a level 3 spell: Vampiric Draining
  2324 | D:3      | Learned a level 4 spell: Animate Dead
  2626 | D:3      | Reached skill level 5 in Spellcasting
  2718 | D:3      | Found an iron altar of Okawaru.
  2721 | D:3      | Found an opulent altar of Gozag.
  2727 | D:3      | Found a snail-covered altar of Cheibriados.
  2727 | D:3      | Found a basalt altar of Yredelemnul.
  2730 | D:3      | Found a shattered altar of Ashenzari.
  2742 | D:3      | Became a worshipper of Gozag Ym Sagoz the Greedy
  2921 | D:4      | Noticed Duvessa
  2922 | D:4      | Noticed Dowan
  3029 | D:4      | Noticed Menkaure
  3284 | D:4      | Noticed Sigmund
  3525 | D:4      | Killed Sigmund
  3525 | D:4      | Reached skill level 1 in Armour
  3525 | D:4      | Reached skill level 6 in Spellcasting
  3525 | D:4      | Reached skill level 5 in Necromancy
  3525 | D:4      | Reached XP level 5. HP: 21/35 MP: 0/13
  3525 | D:4      | Reached XP level 6. HP: 25/41 MP: 0/15
  3829 | D:3      | Learned a level 3 spell: Tukima's Dance
  3834 | D:3      | Learned a level 4 spell: Control Undead
  4060 | D:4      | Demolished by Menkaure

Skill      XL: |  1  2  3  4 |
---------------+-------------+-----
Spellcasting   | 3 4 6 |  6.3
Armour         | 1 |  1.2
Necromancy     | 5 |  5.2
Dodging        | |  1.6
Stealth        | |  1.9
Hexes          | |  0.1

Action                   |  1- 3 |  4- 6 || total
-------------------------+-------+-------++-------
Melee: Unarmed           |     9 |       ||     9
       Dagger            |    12 |    37 ||    49
 Cast: Pain              |    76 |    65 ||   141
       Vampiric Draining |       |     3 ||     3
       Control Undead    |       |     5 ||     5
  Use: Scroll            |       |     1 ||     1
 Stab: Sleeping          |     2 |       ||     2
Armor: Robe              |    14 |       ||    14
       Ring mail         |     3 |    10 ||    13
Dodge: Dodged            |    37 |    41 ||    78
